 Dungeon Crawl Stone Soup version 0.31.0-12-g77e489cdc1 (webtiles) character file.

Game seed: 9662742514095906190

47 Gadfly the Covered (level 3, -2/23 HPs)
             Began as a Gargoyle Fighter on Mar 2, 2024.
             Slain by a gnoll
             ... wielding a +0 spear
              (5 damage)
             ... on level 2 of the Dungeon.
             The game lasted 00:01:32 (903 turns).

Gadfly the Covered (Gargoyle Fighter)                Turns: 903, Time: 00:01:32

Health: -2/23      AC: 12    Str: 19    XL:     3   Next: 70%
Magic:  3/3        EV:  7    Int:  8    God:
Gold:   122        SH:  4    Dex: 11    Spells: 2/2 levels left

rFire   . . .        a - +1 flail
rCold   . . .        c - +0 buckler
rNeg    + . .        i - +0 chain mail
rPois   ∞            (no helmet)
rElec   +            (no cloak)
rCorr   .            (no gloves)
SInv    .            (no boots)
Will    .....        (no amulet) Stlth
                     (no ring)
HPRegen 0.23/turn    (no ring)
MPRegen 0.08/turn

%: no passive effects
@: no status effects
A: sickness immunity, AC +3, negative energy resistance 1, electricity
resistance, torment resistance 1, petrification resistance
a: no special abilities


You were on level 2 of the Dungeon.
You visited 1 branch of the dungeon, and saw 2 of its levels.

You collected 122 gold pieces.

Inventory:

Hand Weapons
 a - a +1 flail (weapon)
Armour
 b - a +0 pair of boots
 c - a +0 buckler (worn)
 i - a +0 chain mail (worn)
Potions
 d - a potion of might
 e - a potion of lignification
 f - a potion of curing
 g - a potion of brilliance {unknown}
 h - a potion of enlightenment


   Skills:
 + Level 3.5 Fighting
 * Level 2.6 Maces & Flails
 + Level 3.5 Armour
 + Level 3.4 Shields
 * Level 1.3 Invocations
 * Level 1.1 Evocations


You had 2 spell levels left.
You didn't know any spells.
Your spell library was empty.

Dungeon Overview and Level Annotations

Branches:
Dungeon (2/15)

Altars:


Innate Abilities, Weirdness & Mutations

You are immune to sickness and miasma.
Your stone body is resilient. (AC +3)
You are immune to poison.
You resist negative energy. (rN+)
You are resistant to electric shocks. (rElec)
You are resistant to unholy torment.
You are immune to petrification.


Message History

You kill the kobold!
The gnoll hits you from afar with a +0 spear.
The gnoll barely misses you. The gnoll hits you but does no damage.
The gnoll hits you with a +0 spear.
You see here a +0 dagger.
You barely miss the gnoll. The gnoll hits you with a +0 spear.
The gnoll hits you from afar with a +1 halberd of venom!
* * * LOW HITPOINT WARNING * * *
You are too injured to fight recklessly!
You are too injured to fight recklessly!
You are too injured to fight recklessly!
You are too injured to fight recklessly!
You are too injured to fight recklessly!
You are too injured to fight recklessly!
You are too injured to fight recklessly!
You are too injured to fight recklessly!
You are too injured to fight recklessly!
You are too injured to fight recklessly!
You are too injured to fight recklessly!
You are too injured to fight recklessly!
You are too injured to fight recklessly!
You are too injured to fight recklessly!
You are too injured to fight recklessly!
You are too injured to fight recklessly!
You are too injured to fight recklessly!
You are too injured to fight recklessly!
You are too injured to fight recklessly!
The gnoll barely misses you.
Okay, then.
The gnoll attacks as it pursues you!
The gnoll hits you from afar with a +0 spear.
* * * LOW HITPOINT WARNING * * *
The gnoll attacks as it pursues you! The gnoll hits you but does no damage.
The gnoll attacks as it pursues you! You block the gnoll's attack.
The gnoll attacks as it pursues you! The gnoll hits you but does no damage.
The gnoll attacks as it pursues you! The gnoll hits you but does no damage.
The gnoll attacks as it pursues you! You block the gnoll's attack.
The gnoll attacks as it pursues you!
The gnoll hits you from afar with a +0 spear.
You die...

###################
..................#########
...........#####.........#
.# #...###.#############.#
.# #...g.g....##########.#
.#
#...###.g.@.........#.####
g# ##.##
####.######........# g# #.#
#.# #.....%.[.# .# #.# #.#
#.#.##.##.# .# #g# #.#
#.#.##.##.# .#######g# #.#
#.#.##.##.# .g.gg)...# #.#
#.#.......# ########## #.#
#.#..#.##.## #.#
#.#..#......


You could see 3 gnolls.

Vanquished Creatures
  An adder (D:2)
  A dart slug (D:1)
  5 bats
  5 endoplasms
  4 giant cockroaches (D:1)
  2 goblins (D:1)
  4 hobgoblins
  4 ball pythons
  3 frilled lizards (D:1)
  A kobold (D:2)
  4 rats
34 creatures vanquished.

Notes
Turn   | Place    | Note
-------+----------+-------------------------------------------
     0 | D:1      | Gadfly the Gargoyle Fighter began the quest for the Orb.
     0 | D:1      | Reached XP level 1. HP: 14/14 MP: 1/1
    65 | D:1      | Reached XP level 2. HP: 18/19 MP: 2/2
   253 | D:1      | Reached skill level 1 in Invocations
   286 | D:1      | Reached XP level 3. HP: 23/23 MP: 3/3
   432 | D:1      | Reached skill level 1 in Evocations
   888 | D:2      | HP: 1/23 [gnoll/+1 halberd of venom (9)]
   895 | D:2      | HP: 1/23 [gnoll/+0 spear (2)]
   903 | D:2      | Slain by a gnoll

Illustrated notes

Levels and vault maps discovered:
D:1:      dpeg_arrival_prison, layout_rooms
D:2:      layout_loops_ring, basic_ecumenical_altar, uniq_crazy_yiuf_cottage

Skill      XL: |  1  2  3 |
---------------+----------+-----
Invocations    | 1 |  1.3
Evocations     | 1 |  1.1
Fighting       | |  3.5
Maces & Flails | |  2.6
Armour         | |  3.5
Shields        | |  3.4

Action                     || total
---------------------------++-------
  Melee: Flail             ||    91
    Use: Scroll            ||     6
 Armour: Scale mail        ||    68
         Chain mail        ||    17
  Dodge: Dodged            ||    50
  Block: Buckler           ||    25
